 Dungeon Crawl Stone Soup version 0.17.1-2-g5865329 (webtiles) character file.

16 Clownie the Gusty (level 2, 0/19 HPs)
             Began as a Vine Stalker Air Elementalist on Jan 21, 2016.
             Slain by an adder (3 damage)
             ... on level 1 of the Dungeon.
             The game lasted 00:01:55 (891 turns).

Clownie the Gusty (Vine Stalker Air Elementalist)    Turns: 891, Time: 00:01:55

Health: 0/19       AC: 21    Str: 10      XL:     2   Next: 58%
Magic:  0/6        EV:  2    Int: 13 (15) God:
Gold:   68         SH:  0    Dex: 14      Spells: 1 memorised, 4 levels left

rFire  . . .     SeeInvis .     l - +0 dagger
rCold  . . .     Clarity  .     (armour currently unavailable)
rNeg   + + +     SustAt   .     (no shield)
rPois  +         Gourm    .     (helmet currently unavailable)
rElec  .         Spirit   +     (cloak currently unavailable)
rCorr  .         Warding  .     (gloves currently unavailable)
rMut   .         NoTele   +     (boots currently unavailable)
MR     .....                    (no amulet)
Stlth  ++++......               (no ring)
                                e - ring of stealth

@: lethally poisoned (0 -> 0), tree-form, not resistant to hostile enchantments,
stealthy
A: (fangs 0), regeneration 1, magic shield, (antimagic bite), no device heal 3,
rot immunity
a: no special abilities


You were on level 1 of the Dungeon.
You were not hungry.
You were a tree.
You visited 1 branch of the dungeon, and saw 2 of its levels.

You collected 68 gold pieces.

Inventory:

Hand Weapons
 l - a +0 dagger (weapon)
Armour
 a - a +0 robe (melded)
 f - a +0 cloak (melded)
Jewellery
 e - a ring of stealth (left branch)
Potions
 d - a potion of degeneration
 i - a potion of lignification
Books
 b - a book of Air

   Spells                             Type                      Level
   a - Shock                          Conjuration/Air              1
   b - Swiftness                      Charms/Air                   2
   c - Repel Missiles                 Charms/Air                   2
   d - Static Discharge               Conjuration/Air              3
   e - Lightning Bolt                 Conjuration/Air              5
Comestibles
 c - a bread ration
 h - 2 meat rations


   Skills:
 - Level 1.5 Dodging
 - Level 2.4 Stealth
 - Level 2.1 Spellcasting
 + Level 2.0 Conjurations
 + Level 3.3 Air Magic


You had 4 spell levels left.
You knew the following spells:

 Your Spells              Type           Power        Failure   Level  Hunger
a - Shock                 Conj/Air       #...         10%         1    ##.....


Dungeon Overview and Level Annotations

Branches:
Dungeon (2/15)

Altars:


Innate Abilities, Weirdness & Mutations

((You have extremely sharp teeth.))
Your natural rate of healing is unusually fast.
When hurt, damage is shared between your health and your magic reserves.
((Your bite disrupts and absorbs the magic of your enemies.))
Potions and wands cannot restore your health.
You are immune to rotting.


Message History

You feel sick. The adder bites you but does no damage.
The rat bites you but does no damage.
You miss the adder.
The adder is lightly wounded.
The adder bites you but does no damage. The rat bites you but does no damage.
You hit the adder.
The adder is moderately wounded.
The adder bites you but does no damage. The rat bites you but does no damage.
The adder bites you but does no damage.
You barely miss the adder.
The adder is moderately wounded.
The rat bites you but does no damage. The adder bites you but does no damage.
You hit the adder.
The adder is heavily wounded.
You feel sick. The adder bites you but does no damage.
The rat bites you but does no damage.
You miss the adder.
The adder is heavily wounded.
The adder bites you.
You die...

#....############ #.#'##
###..... #.#'######.......
#........#.......
######........#.......
#.............#.......
#.§§§§§§......#.......
#..§§S§§......#.......
#..§§♣r§..............
######§§..............
#.§......#.......
##§§..(...########
###########....#'####
#................#
#................###########
#................≈≈≈≈≈≈≈≈≈≈≈
#...............#≈..8.......


You could see an adder and a rat.

Vanquished Creatures
  2 giant cockroaches
  4 hobgoblins (D:1)
  2 kobolds (D:1)
  3 bats
  A giant newt (D:1)
  A goblin (D:1)
  4 rats (D:1)
17 creatures vanquished.

Notes
Turn   | Place    | Note
--------------------------------------------------------------
     0 | D:1      | Clownie the Vine Stalker Air Elementalist began the quest for the Orb.
     0 | D:1      | Reached XP level 1. HP: 9/9 MP: 4/4
   156 | D:1      | Reached XP level 2. HP: 7/13 MP: 0/6
   891 | D:1      | Slain by an adder

Action                   || total
-------------------------++-------
Melee: Unarmed           ||    28
       Dagger            ||     8
 Cast: Shock             ||    24
  Use: Scroll            ||     3
       Potion            ||     2
 Stab: Sleeping          ||     1
